 Dungeon Crawl Stone Soup version 0.20.0-8-g6b59dc7 (webtiles) character file.

8425 ChaseSP the Cleaver (level 11, -4/96 HPs)
             Began as a Deep Dwarf Fighter on May 30, 2017.
             Was a Believer of Makhleb.
             Slain by a death yak (8 damage)
             ... on level 9 of the Dungeon.
             The game lasted 00:14:56 (7325 turns).

ChaseSP the Cleaver (Deep Dwarf Fighter)            Turns: 7325, Time: 00:14:57

Health: -4/96      AC: 15    Str: 21    XL:     11   Next: 9%
Magic:  3/4        EV:  9    Int:  8    God:    Makhleb [**....]
Gold:   545        SH:  0    Dex: 15    Spells: 10/10 levels left

rFire    . . .     SeeInvis .   M - +3 battleaxe (freeze)
rCold    . . .     Gourm    .   (shield currently unavailable)
rNeg     + . .     Faith    .   B - +0 plate armour
rPois    .         Spirit   .   (no helmet)
rElec    .         Reflect  .   t - +1 cloak
rCorr    .         Harm     .   (no gloves)
MR       +....                  (no boots)
Stlth    ..........             C - amulet of rage
Regen    0.0/turn               r - ring of positive energy
MPRegen  0.1/turn               (no ring)

@: non-regenerating
A: damage resistance, heal wounds, sense surroundings 2, MP-powered wands, no
regeneration
a: Heal Wounds, Minor Destruction, Renounce Religion, Evoke Berserk Rage


You were on level 9 of the Dungeon.
You worshipped Makhleb.
Makhleb was pleased with you.
You were not hungry.

You visited 2 branches of the dungeon, and saw 10 of its levels.

You collected 545 gold pieces.

Inventory:

Hand Weapons
 H - a +4 dire flail
 M - a +3 battleaxe of freezing (weapon)
Missiles
 K - 34 bolts
Armour
 c - a +0 shield
 h - a +0 ring mail of cold resistance
 t - a +1 cloak (worn)
 B - a +0 plate armour (worn)
Jewellery
 r - a ring of positive energy (left hand)
 C - an amulet of rage (around neck)
Wands
 b - a wand of confusion (34/48)
 p - a wand of scattershot (9/9)
 q - a wand of flame (18/48)
 F - a wand of enslavement (12/24)
 I - a wand of flame (35/48)
 L - a wand of iceblast (3/15)
Scrolls
 g - a scroll of blinking
 i - a scroll of enchant weapon {unknown}
 j - 2 scrolls of remove curse
 l - a scroll of recharging
 m - 2 scrolls of enchant armour
 n - a scroll of magic mapping {unknown}
 y - a scroll of fear {unknown}
 A - a scroll of teleportation {unknown}
 E - a scroll of random uselessness {unknown}
Potions
 d - 3 potions of might
 e - 2 potions of invisibility
 o - 4 potions of lignification
 s - 3 potions of resistance {unknown}
 u - 2 potions of curing {unknown}
 v - 3 potions of agility {unknown}
 w - 3 potions of magic {unknown}
 x - 2 potions of mutation {unknown}
 z - a potion of flight {unknown}
 J - 2 potions of degeneration {unknown}
Comestibles
 f - 9 bread rations
 G - 24 fruits


   Skills:
 - Level 5.2 Fighting
 * Level 14.6 Axes
 + Level 7.4 Armour
 + Level 5.9 Dodging
 - Level 3.2 Shields
 + Level 4.3 Invocations


You had 10 spell levels left.
You didn't know any spells.

Dungeon Overview and Level Annotations

Branches:
Dungeon (9/15)             Temple (1/1) D:4
   Lair: D:8-11         Orc: D:9-12

Altars:
Ashenzari
Fedhas
Hepliaklqana
Kikubaaqudgha
Makhleb
Nemelex Xobeh
Okawaru
Ru
Sif Muna
Vehumet
Xom
Zin
Beogh

Shops:
D:7 [


Innate Abilities, Weirdness & Mutations

You are resistant to damage.
You can heal yourself by infusing magical energy.
You passively map the area around you.
You do not regenerate.
You expend magic power (3 MP) to strengthen your wands.


Message History

Things that are here:
a death yak corpse x3
Unknown command.
You slash the death yak! You freeze the death yak!
The death yak is moderately wounded.
The death yak gores you.
You slash the death yak! You freeze the death yak.
The death yak is heavily wounded.
The death yak gores you but does no damage.
You barely miss the death yak.
The death yak is heavily wounded.
The death yak gores you but does no damage.
You hit the death yak. You freeze the death yak.
The death yak is heavily wounded.
The death yak gores you!!
* * * LOW HITPOINT WARNING * * *
You hit the death yak. You freeze the death yak.
The death yak is heavily wounded.
The death yak gores you!
You die...

...., * *, , * .... , , ,
, , ..... ,, #.#.#.....# ,
,, ....Y, * ,,..........+
** , ...... *** *
*#.#.#.....# , , ,
......### #.#.#.....# **
........########.#.#.....#
* , #.#........#.#.....#
*, ,,,+.Y@...............#
* ,, ###.#...............
,, ,,, *
#......#+++#.....# ,
,........##, ######. * * *
#####..## , *#.... * , ,,
* , ,....#, #.... * *
###### , #.... , , ,###..
* * , * * *, * #..


You could see a death yak.

Vanquished Creatures
  A centaur warrior (D:9)
  5 death yaks (D:9)
  Pikel (D:8)
  2 hippogriffs (D:8)
  4 yaks (D:9)
  3 hungry ghosts
  Menkaure (D:6)
  An orc warrior (D:8)
  3 sky beasts
  3 slaves (D:8)
  A black bear (D:8)
  A phantom (D:4)
  An ice beast (D:8)
  4 centaurs
  4 ogres
  A big kobold (D:8)
  A bullfrog (D:7)
  2 gnoll sergeants (D:9)
  A scorpion (D:7)
  5 wights (D:9)
  A crimson imp (D:5)
  2 bullfrog zombies
  6 orc priests
  5 hounds
  Crazy Yiuf (D:6)
  2 bullfrog skeletons
  3 iguanas (D:4)
  2 orc wizards
  6 worker ants
  9 gnolls (D:9)
  2 adders
  An ooze (D:1)
  2 worms (D:5)
  2 dart slugs (D:1)
  4 leopard geckos
  19 orcs
  7 giant cockroaches
  6 goblins
  3 hobgoblins
  4 jackals (D:1)
  7 kobolds
  4 quokkas
  A ball python (D:1)
  4 bats
  7 frilled lizards
  9 rats
164 creatures vanquished.

Vanquished Creatures (others)
  5 orcs (D:3)
  A rat (D:3)
6 creatures vanquished.

Grand Total: 170 creatures vanquished

Notes
Turn   | Place    | Note
-------+----------+-------------------------------------------
     0 | D:1      | ChaseSP the Deep Dwarf Fighter began the quest for the Orb.
     0 | D:1      | Reached XP level 1. HP: 20/20 MP: 1/1
    87 | D:1      | Reached skill level 3 in Axes
    87 | D:1      | Reached XP level 2. HP: 27/27 MP: 2/2
   609 | D:1      | Reached XP level 3. HP: 31/33 MP: 3/3
   892 | D:1      | Reached skill level 4 in Axes
  1860 | D:2      | Found a hazy altar of Hepliaklqana.
  2086 | D:3      | Found a radiant altar of Vehumet.
  2516 | D:3      | Reached XP level 4. HP: 34/40 MP: 4/4
  2767 | D:3      | Reached skill level 5 in Axes
  2883 | D:4      | Found a staircase to the Ecumenical Temple.
  2883 | D:4      | Noticed a phantom
  2907 | D:4      | Killed a phantom
  2907 | D:4      | Reached skill level 6 in Axes
  2907 | D:4      | Reached XP level 5. HP: 15/46 MP: 5/5
  2912 | Temple   | Entered the Ecumenical Temple
  2953 | Temple   | Became a worshipper of Makhleb the Destroyer
  3116 | D:4      | Noticed an ogre
  3124 | D:4      | Killed an ogre
  3124 | D:4      | Reached skill level 7 in Axes
  3124 | D:4      | Reached XP level 6. HP: 22/55 MP: 4/4
  3549 | D:4      | Reached skill level 8 in Axes
  3563 | D:4      | You fall through a shaft!
  3563 | D:5      | Entered Level 5 of the Dungeon
  3739 | D:5      | Noticed a sky beast
  3749 | D:5      | Killed a sky beast
  3749 | D:5      | Reached XP level 7. HP: 45/61 MP: 3/3
  4092 | D:5      | Reached skill level 9 in Axes
  4319 | D:5      | Found a sacrificial altar of Ru.
  4739 | D:6      | Noticed Menkaure
  4745 | D:6      | Killed Menkaure
  4745 | D:6      | Reached skill level 10 in Axes
  4902 | D:6      | Reached * piety under Makhleb
  4902 | D:6      | Reached XP level 8. HP: 14/68 MP: 3/3
  4935 | D:6      | Gained mutation: You expend magic power (3 MP) to strengthen your wands. [mutagenic meat]
  5077 | D:6      | Found a runed door.
  5081 | D:6      | Noticed Crazy Yiuf
  5089 | D:6      | Killed Crazy Yiuf
  5288 | D:7      | Paralysed by fainting for 5 turns
  5353 | D:7      | Found Vional's Armour Shoppe.
  5486 | D:7      | Reached skill level 11 in Axes
  6061 | D:8      | HP: 5/108 [orc priest/divine providence (9)]
  6164 | D:8      | Noticed Pikel
  6220 | D:8      | Noticed a hippogriff
  6230 | D:8      | Killed a hippogriff
  6230 | D:8      | Gained mutation: You passively map the area around you. [Deep Dwarf growth]
  6230 | D:8      | Reached XP level 9. HP: 53/79 MP: 2/2
  6271 | D:8      | Reached skill level 12 in Axes
  6332 | D:8      | Killed Pikel
  6332 | D:8      | Reached skill level 5 in Fighting
  6474 | D:8      | Reached skill level 1 in Dodging
  6643 | D:8      | Found a roughly hewn altar of Beogh.
  6648 | D:8      | Reached ** piety under Makhleb
  6653 | D:8      | Reached skill level 13 in Axes
  6653 | D:8      | Reached skill level 5 in Armour
  6824 | D:9      | Noticed a centaur warrior
  6846 | D:9      | Killed a centaur warrior
  6846 | D:9      | Reached XP level 10. HP: 52/88 MP: 2/2
  7115 | D:9      | Found a sparkling altar of Nemelex Xobeh.
  7280 | D:9      | Noticed a death yak
  7290 | D:9      | Killed a death yak
  7290 | D:9      | Reached skill level 14 in Axes
  7291 | D:9      | Noticed a death yak
  7291 | D:9      | Noticed a death yak
  7291 | D:9      | Noticed a death yak
  7291 | D:9      | Noticed a death yak
  7291 | D:9      | Noticed a death yak
  7300 | D:9      | Killed a death yak
  7300 | D:9      | Reached skill level 5 in Dodging
  7313 | D:9      | Killed a death yak
  7314 | D:9      | Killed a death yak
  7314 | D:9      | Reached XP level 11. HP: 31/96 MP: 2/4
  7319 | D:9      | Killed a death yak
  7324 | D:9      | HP: 4/96 [death yak (20)]
  7325 | D:9      | Slain by a death yak

Skill      XL: |  1  2  3  4  5  6  7  8  9 10 |
---------------+-------------------------------+-----
Axes           | 3 4 6 7 8 10 11 13 14 | 14.6
Fighting       | 4 5 |  5.2
Armour         | 4 5 7 |  7.4
Dodging        | 3 5 |  5.9
Invocations    | 4 |  4.3
Shields        | |  3.2

Action                   |  1- 3 |  4- 6 |  7- 9 | 10-12 || total
-------------------------+-------+-------+-------+-------++-------
Melee: War axe           |   128 |   118 |   334 |    63 ||   643
       Battleaxe         |       |       |       |    32 ||    32
 Abil: Heal Wounds       |       |     4 |     7 |     5 ||    16
       Evoke Berserk Rag |       |       |     1 |       ||     1
  Use: Scroll            |     4 |       |     3 |     1 ||     8
       Potion            |       |     1 |     3 |     1 ||     5
  Eat: Chunk             |     4 |     5 |    23 |     2 ||    34
       Fruit             |       |       |     3 |       ||     3
       Bread ration      |       |       |     1 |       ||     1
Armor: Scale mail        |     3 |       |       |       ||     3
       Ring mail         |    33 |     6 |       |       ||    39
       Chain mail        |       |    21 |    35 |       ||    56
       Plate armour      |       |       |   153 |    37 ||   190
Dodge: Dodged            |    55 |    21 |    56 |    23 ||   155
Block: Shield            |    65 |    54 |   143 |    31 ||   293
